 Dungeon Crawl Stone Soup version 0.22.1-2-g9c5b331 (webtiles) character file.

830 myga the Magician (level 7, -5/32 HPs)
             Began as a Spriggan Air Elementalist on Nov 29, 2018.
             Was an Initiate of Dithmenos.
             Slain by Pikel
             ... wielding a +2 whip of electrocution
              (16 damage)
             ... on level 6 of the Dungeon.
             The game lasted 00:42:32 (6587 turns).

myga the Magician (Spriggan Air Elementalist)       Turns: 6587, Time: 00:42:32

Health: -5/32      AC:  5    Str:  6    XL:     7   Next: 65%
Magic:  3/17       EV: 19    Int: 17    God:    Dithmenos [......]
Gold:   229        SH:  0    Dex: 16    Spells: 2/19 levels left

rFire    . . .     SeeInvis +   j - +4 dagger
rCold    . . .     Gourm    .   (shield restricted)
rNeg     . . .     Faith    +   u - +1 robe
rPois    .         Spirit   .   (helmet restricted)
rElec    .         Reflect  .   y - +1 cloak
rCorr    .         Harm     .   (gloves unavailable)
MR       +....                  (boots unavailable)
Stlth    ++++......             q - amulet of faith
HPRegen  0.10/turn              f - ring of wizardry
MPRegen  0.15/turn              r - ring of stealth

@: very quick
A: very small, unfitting armour, see invisible, herbivore, speed 3, slow
metabolism 2
a: Renounce Religion


You were on level 6 of the Dungeon.
You worshipped Dithmenos.
Dithmenos was noncommittal.
You were not hungry.

You visited 1 branch of the dungeon, and saw 6 of its levels.

You collected 229 gold pieces.

Inventory:

Hand Weapons
 j - a +4 dagger (weapon)
 l - a cursed -1 dagger
Missiles
 b - 96 arrows
 p - 176 stones (quivered)
 s - 9 tomahawks
Armour
 m - a +0 robe
 u - a +1 robe (worn)
 y - a +1 cloak (worn)
Jewellery
 f - a ring of wizardry (left hand)
 q - an amulet of faith (around neck)
 r - a ring of stealth (right hand)
Scrolls
 e - a scroll of amnesia
Potions
 a - a potion of magic
 g - a potion of heal wounds
 h - a potion of curing
 n - 2 potions of ambrosia
 t - a potion of brilliance
 w - a potion of flight {unknown}
 x - a potion of lignification {unknown}
Comestibles
 c - 8 rations


   Skills:
 + Level 0.3 Fighting
 + Level 1.2 Short Blades
 + Level 0.4 Throwing
 + Level 3.9 Dodging
 + Level 4.4 Stealth
 + Level 6.6 Spellcasting
 + Level 2.8 Conjurations
 + Level 5.0 Air Magic


You had 2 spell levels left.
You knew the following spells:

 Your Spells              Type           Power        Failure   Level  Hunger
a - Shock                 Conj/Air       ###.         1%          1    None
b - Swiftness             Chrm/Air       ##......     2%          2    None
c - Static Discharge      Conj/Air       ###.....     2%          3    ##.....
d - Airstrike             Air            ###.......   6%          4    ####...
e - Lightning Bolt        Conj/Air       ###.......   26%         5    #####..
f - Passwall              Tmut/Erth      #.......     8%          2    None

Your spell library contained the following spells:

 Spells                   Type           Power        Failure   Level  Hunger
 Sandblast                Erth           #.....       4%          1    None
 Stone Arrow              Conj/Erth      ##....       9%          3    ##.....
 Petrify                  Tmut/Erth      #.......     43%         4    ####...
 Lee's Rapid Deconstruct  Erth           #.........   77%         5    #####..


Dungeon Overview and Level Annotations

Branches:
Dungeon (6/15)             Temple (0/1) D:6

Altars:
Cheibriados
Dithmenos
Elyvilon
Qazlal

Annotations:
D:6 Pikel, Prince Ribbit


Innate Abilities, Weirdness & Mutations

You are very small and have problems with some larger weapons.
You are too small for most types of armour.
You have supernaturally acute eyesight. (SInv)
You are a herbivore.
You cover ground extremely quickly.
You need to consume almost no food.


Message History

The zap misses Pikel.
The zap hits the slave.
You kill the slave!
That felt strangely unrewarding.
A slave comes into view.
The slave shouts!
There isn't anything here!
Casting: Shock (safe; 1% risk of failure)
Confirm with . or Enter, or press ? or * to list all spells.
Pikel is struck by lightning.
Pikel is heavily wounded.
The lightning grounds out.
The slave closely misses you. Pikel misses you.
Casting: Static Discharge (safe; 2% risk of failure)
Confirm with . or Enter, or press ? or * to list all spells.
Pikel is struck by lightning.
Pikel is heavily wounded.
The lightning grounds out.
The slave barely misses you.
Pikel hits you with a whip of electrocution.
You are electrocuted!
Ouch! That really hurt!
You die...

.##.#######
..#.....p@#
.p..#####K# #. #p# #
#p #.# #..###.
##p#######
.......######g.......#
...%.g.gpp...........#
.......#####.........#
.....................#


You could see Pikel, 3 slaves and a gnoll.

Vanquished Creatures
  A slave (D:6)
  An ogre (D:4)
  A phantom (D:5)
  2 bullfrog zombies (D:5)
  4 hounds
  2 orc priests
  Crazy Yiuf (D:5)
  3 orc wizards
  Robin (D:2)
  8 gnolls
  9 adders
  A shadow imp (D:4)
  A worm (D:5)
  4 dart slugs
  6 leopard geckos
  13 orcs
  3 ball pythons
  12 bats
  5 giant cockroaches
  12 goblins
  12 hobgoblins
  A quokka (D:3)
  2 frilled lizards (D:1)
  8 kobolds
  2 leopard gecko skeletons (D:4)
  9 rats
124 creatures vanquished.

Notes
Turn   | Place    | Note
-------+----------+-------------------------------------------
     0 | D:1      | myga the Spriggan Air Elementalist began the quest for the
                  | Orb.
     0 | D:1      | Reached XP level 1. HP: 9/9 MP: 5/5
   118 | D:1      | Reached XP level 2. HP: 13/13 MP: 2/6
   254 | D:1      | Learned a level 2 spell: Swiftness
   620 | D:1      | Reached XP level 3. HP: 16/16 MP: 2/8
   929 | D:2      | Reached skill level 1 in Conjurations
   940 | D:2      | Reached skill level 3 in Spellcasting
  1675 | D:2      | Reached XP level 4. HP: 21/21 MP: 2/10
  1981 | D:2      | Noticed Robin
  1992 | D:2      | Killed Robin
  2454 | D:2      | Learned a level 3 spell: Static Discharge
  2459 | D:2      | Learned a level 4 spell: Airstrike
  2677 | D:3      | Reached skill level 1 in Short Blades
  2678 | D:3      | Reached XP level 5. HP: 24/24 MP: 7/11
  2684 | D:3      | Reached skill level 4 in Spellcasting
  3821 | D:4      | Reached skill level 5 in Spellcasting
  3821 | D:4      | Reached XP level 6. HP: 25/28 MP: 2/14
  4846 | D:4      | Learned a level 5 spell: Lightning Bolt
  4848 | D:5      | Entered Level 5 of the Dungeon
  4965 | D:5      | Reached XP level 7. HP: 22/32 MP: 0/16
  5143 | D:5      | Reached skill level 6 in Spellcasting
  5310 | D:5      | Found a stormy altar of Qazlal.
  5432 | D:5      | Learned a level 2 spell: Passwall
  5619 | D:5      | Found a runed door.
  6024 | D:5      | Found a white marble altar of Elyvilon.
  6198 | D:5      | Noticed Crazy Yiuf
  6210 | D:5      | Killed Crazy Yiuf
  6210 | D:5      | Reached skill level 5 in Air Magic
  6326 | D:5      | Found a snail-covered altar of Cheibriados.
  6328 | D:5      | Found a shadowy altar of Dithmenos.
  6371 | D:5      | Became a worshipper of Dithmenos the Shadowed
  6382 | D:6      | Found a staircase to the Ecumenical Temple.
  6382 | D:6      | Noticed Prince Ribbit
  6564 | D:6      | Noticed Pikel
  6587 | D:6      | Slain by Pikel

Skill      XL: |  1  2  3  4  5  6  7 |
---------------+----------------------+-----
Air Magic      | 3 4 5 |  5.0
Conjurations   | 1 2 |  2.8
Spellcasting   | 3 5 6 |  6.6
Short Blades   | 1 |  1.2
Stealth        | 4 |  4.4
Fighting       | |  0.3
Throwing       | |  0.4
Dodging        | |  3.9

Action                   |  1- 3 |  4- 6 |  7- 9 || total
-------------------------+-------+-------+-------++-------
Melee: Club              |     7 |       |       ||     7
       Spear             |    15 |       |       ||    15
       Dagger            |    14 |    21 |     8 ||    43
Throw: Stone             |     5 |    15 |     4 ||    24
 Cast: Shock             |    74 |   130 |    98 ||   302
       Static Discharge  |       |    13 |     8 ||    21
       Passwall          |       |       |     4 ||     4
       Airstrike         |       |       |     1 ||     1
  Use: Scroll            |     4 |    10 |     3 ||    17
       Potion            |       |     2 |     1 ||     3
 Stab: Sleeping          |     1 |       |       ||     1
  Eat: Ration            |       |     1 |     1 ||     2
Armor: Robe              |     3 |     2 |       ||     5
Dodge: Dodged            |    34 |    38 |    24 ||    96
